 Dungeon Crawl Stone Soup version 0.29-a0-330-g52719c12eb (webtiles) character file.

Game seed: 7167183547963568023

102 kae the Firebug (level 4, 0/25 HPs)
             Began as a Tengu Fire Elementalist on Apr 15, 2022.
             Slain by an adder (3 damage)
             ... on level 2 of the Dungeon.
             The game lasted 00:00:55 (1966 turns).

kae the Firebug (Tengu Fire Elementalist)           Turns: 1966, Time: 00:00:55

Health: 0/25       AC:  2    Str:  9    XL:     4   Next: 78%
Magic:  4/8        EV: 12    Int: 17    God:
Gold:   64         SH:  0    Dex: 14    Spells: 7/8 levels left

rFire   . . .      SeeInvis .   e - +2 dagger (venom)
rCold   . . .      Faith    .   (no shield)
rNeg    . . .      Spirit   .   a - +0 robe
rPois   .          Reflect  .   (helmet restricted)
rElec   .          Harm     .   (no cloak)
rCorr   .          Rampage  .   (no gloves)
Will    .....                   (boots unavailable)
Stlth   ++........              (no amulet)
HPRegen 0.08/turn               (no ring)
MPRegen 0.11/turn               (no ring)

@: lethally poisoned (0 -> -1)
A: beak, talons 3
a: no special abilities


You were on level 2 of the Dungeon.
You visited 1 branch of the dungeon, and saw 2 of its levels.

You collected 64 gold pieces.

Inventory:

Hand Weapons
 e - a +2 dagger of venom (weapon)
Armour
 a - a +0 robe (worn)
 l - the +0 pair of gloves of Kioxkurry {rElec rPois Regen+ Int-5}
   (You found it on level 2 of the Dungeon)

   Int:       It affects your intelligence (-5).
   rElec:     It insulates you from electricity.
   rPois:     It protects you from poison.
   Regen:     It increases your rate of health regeneration.
Scrolls
 c - a scroll of noise {unknown}
 d - a scroll of fog {unknown}
 f - 2 scrolls of teleportation {unknown}
 g - a scroll of enchant armour {unknown}
 h - 2 scrolls of identify {unknown}
 k - a scroll of summoning {unknown}
 m - a scroll of immolation {unknown}
 n - a scroll of vulnerability {unknown}
Potions
 b - 2 potions of magic
 i - a potion of flight {unknown}
 j - a potion of invisibility {unknown}


   Skills:
 + Level 1.5 Fighting
 + Level 2.8 Dodging
 - Level 2.0 Stealth
 + Level 2.5 Spellcasting
 + Level 2.5 Conjurations
 * Level 4.3 Fire Magic


You had 7 spell levels left.
You knew the following spells:

 Your Spells              Type           Power      Damage    Failure   Level
a - Foxfire               Conj/Fire      52%        2x1d6     4%          1

Your spell library contained the following spells:

 Spells                   Type           Power      Damage    Failure   Level
 Scorch                   Fire           32%        2d6       4%          2
 Conjure Flame            Conj/Fire      13%        6-21      13%         3
 Inner Flame              Hex/Fire       9%         N/A       22%         3
 Flame Wave               Conj/Fire      13%        2d6       41%         4
 Fulminant Prism          Conj/Hex       3%         3d6       73%         4
 Iskenderun's Mystic Bla  Conj/Tloc      6%         2d4       73%         4
 Lee's Rapid Deconstruct  Erth           1%         3d5*      99%         5


Dungeon Overview and Level Annotations

Branches:
Dungeon (2/15)

Altars:


Innate Abilities, Weirdness & Mutations

You have a beak for a mouth.
You have claws for feet.


Message History

There are monsters nearby!
Casting: Foxfire (safe; 4% risk of failure)
Confirm with . or Enter, or press ? or * to list all spells.
You conjure some foxfire!
The jackal bites you. The jackal barely misses you. The adder bites you.
You are poisoned.
The adder poisons you! The jackal bites you. The jackal misses you.
The adder closely misses you. The kobold hits you with a +0 whip.
You feel sick.
The foxfire hits the adder.
The adder is almost dead.
The foxfire hits the kobold.
The kobold is heavily wounded.
The jackal barely misses you. x2; The adder closely misses you.
The kobold barely misses you.
There are monsters nearby!
Casting: Foxfire (safe; 4% risk of failure)
Confirm with . or Enter, or press ? or * to list all spells.
You conjure some foxfire!
You feel sick. The jackal bites you. x2
* * * LOW HITPOINT WARNING * * *
The adder closely misses you. The jackal misses you. x2
The kobold closely misses you.
You feel sick.
The foxfire hits the adder.
You kill the adder!
The foxfire hits the kobold.
You kill the kobold!
The jackal barely misses you. The jackal bites you.
* * * LOW HITPOINT WARNING * * *
There are monsters nearby!
Casting: Foxfire (safe; 4% risk of failure)
Confirm with . or Enter, or press ? or * to list all spells.
You conjure some foxfire!
You feel sick. The adder misses you. The jackal misses you.
The jackal bites you but does no damage.
The adder barely misses you.
You feel sick.
The foxfire hits the jackal.
The jackal is moderately wounded.
The foxfire hits the adder.
The adder is heavily wounded.
The jackal closely misses you. x2; The adder bites you.
You die...

########... ..........
.......... .........# ..
.......†.# ..#.
.......r.# .§.
......Shh##(# ####
....?..@....# ...#
.......§...####.
...#####............#....
.........................
...##############...#....
...............†....# ...
...##############...# #
...# #....# ...# #....#


You could see an adder, 2 jackals and a rat.

Vanquished Creatures
  Terence (D:2)
  3 adders (D:2)
  3 endoplasms (D:1)
  3 giant cockroaches (D:1)
  3 goblins (D:1)
  6 hobgoblins (D:1)
  3 jackals (D:1)
  2 quokkas
  2 ball pythons
  7 bats
  5 frilled lizards
  6 kobolds
  6 rats (D:1)
50 creatures vanquished.

Vanquished Creatures (others)
  94 foxfires
94 creatures vanquished.

Grand Total: 144 creatures vanquished

Notes
Turn   | Place    | Note
-------+----------+-------------------------------------------
     0 | D:1      | kae the Tengu Fire Elementalist began the quest for the
                  | Orb.
     0 | D:1      | Reached XP level 1. HP: 10/10 MP: 4/4
   233 | D:1      | Reached XP level 2. HP: 16/16 MP: 4/6
   461 | D:1      | Found a faded altar of an unknown god.
   673 | D:1      | Reached XP level 3. HP: 20/20 MP: 1/7
   855 | D:1      | Reached skill level 1 in Fighting
  1496 | D:2      | Reached skill level 4 in Fire Magic
  1524 | D:2      | Identified the +0 pair of gloves of Kioxkurry {rElec rPois
                  | Regen+ Int-5}
  1627 | D:2      | Noticed Terence
  1641 | D:2      | Killed Terence
  1642 | D:2      | Reached XP level 4. HP: 9/25 MP: 2/8
  1966 | D:2      | Slain by an adder

Illustrated notes

Levels and vault maps discovered:
D:1:      elethiomel_arrival_diamonds, layout_loops_ring,
          ebering_ecumenical_altar_box, hex_medium, minmay_quantized
D:2:      layout_basic, minmay_misc_feat_plants, kennysheep_generic_room_5,
          uniq_jessica, uniq_terence

Skill      XL: |  1  2  3 |
---------------+----------+-----
Conjurations   | 2 |  2.5
Fighting       | 1 |  1.5
Fire Magic     | 4 |  4.3
Dodging        | |  2.8
Stealth        | |  2.0
Spellcasting   | |  2.5

Action                   |  1- 3 |  4- 6 || total
-------------------------+-------+-------++-------
Melee: Dagger            |    44 |     5 ||    49
       Kick              |    11 |     1 ||    12
       Peck              |     7 |     1 ||     8
 Cast: Foxfire           |    48 |    11 ||    59
 Stab: Sleeping          |     2 |       ||     2
Armor: Robe              |    19 |     5 ||    24
Dodge: Dodged            |    39 |    22 ||    61

Table legend: (Time is in decaauts)
 A = Elapsed time spent in this place.
 B = Non-inter-level travel time spent in this place.
 C = Inter-level travel time spent in this place.
 D = Time resting spent in this place.
 E = Time spent auto-exploring this place.
 F = Levels seen in this place.
 G = Mean time per level.
                   A        B        C        D        E       F      G
               +--------+--------+--------+--------+--------+-----+--------+
         Total |   1965 |   1901 |     64 |      0 |   1592 |   2 |  982.5 |
       Dungeon |   1965 |   1901 |     64 |      0 |   1592 |   2 |  982.5 |
               +--------+--------+--------+--------+--------+-----+--------+

Top non-repeatable levels by time:
     D:1: 1492 daAuts
     D:2: 472 daAuts
